 Dungeon Crawl Stone Soup version 0.25.0-41-g26779e291d (webtiles) character file.

Game seed: 7425091371795204192

54 Ethylacetat the Poker (level 3, 0/25 HPs)
             Began as an Octopode Gladiator on July 10, 2020.
             Slain by a gnoll
             ... wielding a +0 flail
              (7 damage)
             ... on level 2 of the Dungeon.
             The game lasted 00:01:26 (1597 turns).

Ethylacetat the Poker (Octopode Gladiator)          Turns: 1597, Time: 00:01:27

Health: 0/25       AC:  1    Str: 14    XL:     3   Next: 91%
Magic:  3/3        EV: 14    Int: 10    God:
Gold:   57         SH:  0    Dex: 13    Spells: 2/2 levels left

rFire    . . .     SeeInvis .   a - +0 trident
rCold    + . .     Gourm    .   (no shield)
rNeg     . . .     Faith    .   b - +0 hat
rPois    +         Spirit   .   (no amulet)
rElec    .         Reflect  .   l - ring of protection from cold
rCorr    .         Harm     .   g - ring of poison resistance
MR       .....                  (no ring)
Stlth    ++........             (no ring)
HPRegen  0.08/turn              (no ring)
MPRegen  0.08/turn              (no ring)
                                (no ring)
                                (no ring)

@: no status effects
A: almost no armour, stealthy swim, amphibious, 8 rings, constrict 8, camouflage
1, gelatinous body 1
a: no special abilities


You were on level 2 of the Dungeon.
You were near starving.

You visited 1 branch of the dungeon, and saw 3 of its levels.

You collected 57 gold pieces.

Inventory:

Hand Weapons
 a - a +0 trident (weapon)
Missiles
 c - 3 throwing nets (quivered)
Armour
 b - a +0 hat (worn)
Jewellery
 g - a ring of poison resistance (right tentacle)
 l - a ring of protection from cold (left tentacle)
Scrolls
 e - a scroll of magic mapping {unknown}
 f - 6 scrolls of identify {unknown}
 i - a scroll of noise {unknown}
 j - a scroll of remove curse {unknown}
 k - 2 scrolls of amnesia {unknown}
 m - 2 scrolls of teleportation {unknown}
Potions
 h - a potion of stabbing {unknown}
Comestibles
 d - 4 rations


   Skills:
 + Level 2.8 Fighting
 * Level 4.2 Polearms
 - Level 2.0 Throwing
 - Level 3.0 Dodging


You had 2 spell levels left.
You didn't know any spells.
Your spell library was empty.

Dungeon Overview and Level Annotations

Branches:
Dungeon (3/15)

Altars:


Innate Abilities, Weirdness & Mutations

You cannot wear most types of armour.
You are very stealthy in the water. (Stealth+)
You are amphibious.
You can wear up to eight rings at the same time.
You can use your tentacles to constrict eight enemies at once.
Your skin changes colour to match your surroundings (Stealth+).
Your rubbery body absorbs attacks. (AC +1, EV +1)


Message History

You see here a +0 leather armour.
There is a stone staircase leading down here.
You climb downwards.
An orc comes into view.
The orc shouts!
The gnoll hits you with a +0 flail. The orc hits you with a +0 whip.
There is a stone staircase leading up here.
The gnoll closely misses you. The orc hits you with a +0 whip.
* * * LOW HITPOINT WARNING * * *
The gnoll closely misses you.
You climb upwards.
There is a stone staircase leading down here.
You hit the gnoll. You grab the gnoll.
The gnoll is moderately wounded.
You constrict the gnoll. The gnoll misses you.
You hit the gnoll but do no damage. You squeeze the gnoll.
The gnoll is heavily wounded.
You constrict the gnoll, but do no damage.
The gnoll hits you with a +0 flail!
You die...

#.........................#
######.########)#####..........#
##......# #..## ######..####
....##### #...## ##.# #....#####
#.#..# #.# #........## #.##.#
#.#### .#####.#..# #.##.# #.##..
.# #....######.##.# #.##.. .#
###......##@##.# #.##.. .##
#.####[og..#(# ######.##.. ..#
#.....).#....###..........
#.#######...............####.....
....[.....####...###.........##..
#.######### ##..# #.........##..
.<## #..###.............
#..####### #...##.###...#.#..#
#........# #.#.##.# #.###.##.#


You could see a gnoll and an orc.

Vanquished Creatures
  A gnoll (D:2)
  An adder (D:2)
  2 oozes (D:1)
  An orc (D:2)
  A giant cockroach (D:1)
  2 goblins (D:1)
  A hobgoblin (D:1)
  7 kobolds
  7 bats (D:1)
  2 frilled lizards (D:2)
  A rat (D:1)
26 creatures vanquished.

Notes
Turn   | Place    | Note
-------+----------+-------------------------------------------
     0 | D:1      | Ethylacetat the Octopode Gladiator began the quest for the
                  | Orb.
     0 | D:1      | Reached XP level 1. HP: 14/14 MP: 1/1
   160 | D:1      | Reached XP level 2. HP: 11/19 MP: 2/2
   550 | D:1      | Reached XP level 3. HP: 22/25 MP: 3/3
   844 | D:2      | Reached skill level 4 in Polearms
  1285 | D:2      | HP: 1/25 [gnoll/+0 club (4)]
  1597 | D:2      | Slain by a gnoll

Illustrated notes

Levels and vault maps discovered:
D:1:      ncdulo_wetmaze, layout_basic
D:2:      layout_rooms, first_ration
D:3:      layout_basic, grunt_temple_overflow_forces_of_nature,
          small_statue_intersection, makhleb_altar_promises_db

Skill      XL: |  1  2  3 |
---------------+----------+-----
Polearms       | 4 |  4.2
Fighting       | |  2.8
Throwing       | |  2.0
Dodging        | |  3.0

Action                   || total
-------------------------++-------
Melee: Trident           ||    60
       Constrict         ||    14
       Tentacles         ||     8
 Stab: Sleeping          ||     6
Armor: Skin              ||     2
Dodge: Dodged            ||    31
